 Dungeon Crawl Stone Soup version 0.24.0-2-g5b39cebb1c (webtiles) character file.

Game seed: 3761268737050721764, levelgen mode: deterministic

28 Chiseanne the Magician (level 3, 24/24 HPs)
             Began as a Demonspawn Wizard on Oct 31, 2019.
             Quit the game on level 1 of the Dungeon.
             The game lasted 00:01:31 (1401 turns).

Chiseanne the Magician (Demonspawn Wizard)          Turns: 1401, Time: 00:01:31

Health: 24/24      AC:  3    Str:  7    XL:     3   Next: 0%
Magic:  6/8        EV: 12    Int: 23    God:
Gold:   25         SH:  0    Dex: 11    Spells: 8/9 levels left

rFire    . . .     SeeInvis .   c - +0 short sword
rCold    . . .     Gourm    .   (no shield)
rNeg     . . .     Faith    .   a - +0 robe
rPois    .         Spirit   .   f - +1 hat {Int+3}
rElec    .         Reflect  .   (no cloak)
rCorr    .         Harm     .   (no gloves)
MR       .....                  (no boots)
Stlth    +.........             (no amulet)
HPRegen  0.08/turn              (no ring)
MPRegen  0.11/turn              (no ring)

@: no status effects
A: hooves 1, powered by pain 1
a: no special abilities


You were on level 1 of the Dungeon.
You were not hungry.

You visited 1 branch of the dungeon, and saw 1 of its levels.

You collected 25 gold pieces.

Inventory:

Hand Weapons
 c - a +0 short sword (weapon)
Missiles
 b - 19 sling bullets
 h - 5 stones (quivered)
Armour
 a - a +0 robe (worn)
 f - a +1 hat of intelligence (worn)
Scrolls
 i - 2 scrolls of identify {unknown}
Potions
 e - a potion of heal wounds {unknown}
 g - a potion of lignification {unknown}
Comestibles
 d - 3 rations


   Skills:
 - Level 1.7 Dodging
 - Level 1.7 Stealth
 * Level 3.5 Spellcasting
 * Level 2.2 Conjurations
   Level 1.0 Summonings
   Level 0.8 Translocations


You had 8 spell levels left.
You knew the following spells:

 Your Spells              Type           Power        Failure   Level  Hunger
a - Magic Dart            Conj           ##..         4%          1    None

Your spell library contained the following spells:

 Spells                   Type           Power        Failure   Level  Hunger
 Call Imp                 Summ           #.......     11%         2    #......
 Blink                    Tloc           N/A          12%         2    #......
 Slow                     Hex            #.......     17%         2    #......
 Conjure Flame            Conj/Fire      #.......     22%         3    ###....
 Mephitic Cloud           Conj/Pois/Air  #.......     24%         3    ###....


Dungeon Overview and Level Annotations

Branches:
Dungeon (1/15)

Altars:


Innate Abilities, Weirdness & Mutations

You have large cloven feet.
You sometimes gain a little power by taking damage.


Message History

h - 5 stones (gained 1)
Your magical contamination has completely faded away.
i - 2 scrolls labeled CIPPAMU GEAFA (gained 1)
A goblin comes into view.
Found 5 gold pieces.
Casting: Magic Dart (safe; 4% risk of failure)
Confirm with . or Enter, or press ? or * to list all spells.
Aiming: Magic Dart (safe; 4% risk of failure)
Press: ? - help, Shift-Dir - straight line, f - goblin
Aim: a goblin (resting)
The magic dart hits the goblin.
You kill the goblin!
You have reached level 3!
Your experience leads to an increase in your attributes!
Your base attributes are Str 7, Int 19, Dex 11.
Increase (S)trength, (I)ntelligence, or (D)exterity?
You feel clever.
Your demonic ancestry asserts itself...
Your feet thicken and deform.
You now have 25 gold pieces (gained 5).
Are you sure you want to abandon this character and quit the game? (Confirm with "yes".)

################ ###############
#...............
#.......##....##################
#.#####.##.##.#.. #.# #.##.##.#.#
#. ##.# #.##.##.#†# #.#
.#.#####.##.##.#.# #.#
.#.#...#.##.##.#.# #.#
.#.....#.....#.#@# #.# ####
.#.....#######.#.#####.# #####...
.#.....#..>............###.......
.#.....###...............'.......
.#.#'#.# ###.#.#.#####.###.......
.#.#.#.# #...#.# #.###.......
.#.#.#.#########.# #..##.......
.#............ ..# ##.######..#
.##.##.####### ### #.# #..#


There were no monsters in sight!

Vanquished Creatures
  2 dart slugs (D:1)
  A leopard gecko (D:1)
  3 bats (D:1)
  A hobgoblin (D:1)
  A ball python (D:1)
  3 frilled lizards (D:1)
  4 goblins (D:1)
  6 kobolds (D:1)
  3 rats (D:1)
24 creatures vanquished.

Notes
Turn   | Place    | Note
-------+----------+-------------------------------------------
     0 | D:1      | Chiseanne the Demonspawn Wizard began the quest for the
                  | Orb.
     0 | D:1      | Reached XP level 1. HP: 13/13 MP: 4/4
   282 | D:1      | Gained mutation: You sometimes gain a little power by
                  | taking damage. [demonic ancestry]
   282 | D:1      | Reached XP level 2. HP: 19/19 MP: 1/6
  1397 | D:1      | Gained mutation: You have large cloven feet. [demonic
                  | ancestry]
  1397 | D:1      | Reached XP level 3. HP: 24/24 MP: 6/8
  1401 | D:1      | Quit the game

Levels and vault maps discovered:
D:1:      mrwooster_arrival_statue_2, layout_basic

Skill      XL: |  1  2 |
---------------+-------+-----
Conjurations   | 2 |  2.2
Dodging        | |  1.7
Stealth        | |  1.7
Spellcasting   | |  3.5
Summonings     | |  1.0
Translocations | |  0.8

Action                   || total
-------------------------++-------
Melee: Short sword       ||    15
Throw: Stone             ||     2
 Cast: Magic Dart        ||    43
  Eat: Chunk             ||     1
Armor: Robe              ||     4
Dodge: Dodged            ||    10
